TOP OF THE 1ST |
Lynchburg Hillcats batting - Pitching for Clearwater Threshers : RHP Marcos Tapia
|
Pitching: RHP Marcos Tapia
|
|
Batting: LHB Devon Grant
|
0-0: Ball 1-0: Ball 2-0: Called Strike 2-1: Foul Ball, location: 2F 2-2: SINGLE (Groundball, 56D, EV 96.9 MPH)
|
Batting: RHB Andy Lewis
|
0-0: Ball 1-0: Ball 2-0: Foul Ball, location: 2F 2-1: Ball 3-1: Base on Balls Devon Grant to second
|
Batting: LHB John Harring
|
0-0: Swinging Strike 0-1: Ball 1-1: 3-RUN HOME RUN (Flyball, 78XD, EV 108.1 MPH), Distance : 414 ft
|
Batting: LHB Aaron Manees
|
0-0: Ball 1-0: Foul Ball, location: 2F 1-1: Ground out U3 (Groundball, 34, EV 98.8 MPH)
|
Batting: LHB Roberto Liza
|
0-0: Called Strike 0-1: Called Strike 0-2: Ball 1-2: Strikes out looking
|
Batting: RHB Nate Souza
|
0-0: Swinging Strike 0-1: Foul Ball, location: 2F 0-2: Strikes out swinging
|
Top of the 1st over - 3 runs, 2 hits, 0 errors, 0 left on base; Lynchburg 3 - Clearwater 0 |
BOTTOM OF THE 1ST |
Clearwater Threshers batting - Pitching for Lynchburg Hillcats : RHP Jose Esteban
|
Pitching: RHP Jose Esteban
|
|
Batting: RHB Mitch Boyd
|
0-0: Swinging Strike 0-1: Foul Ball, location: 2F 0-2: Ball 1-2: Ground out 3-1 (Groundball, 13, EV 85.6 MPH)
|
Batting: RHB Chris Myers
|
0-0: Foul Ball, location: 2F 0-1: Ball 1-1: Ball 2-1: Foul Ball, location: 2F 2-2: Foul Ball, location: 2F 2-2: Ball 3-2: Base on Balls
|
Batting: SHB Benjamin Brown
|
0-0: Ball Chris Myers steals 2nd base (no throw) 1-0: Foul Ball, location: 2F 1-1: Ground out 4-3 (Groundball, 4M, EV 104.4 MPH) Chris Myers to third
|
Batting: SHB Steve DeRienzo
|
0-0: Ball 1-0: Ball 2-0: Ball 3-0: Called Strike 3-1: Called Strike 3-2: Fly out, F8 (Line Drive, 78D, EV 89.4 MPH)
|
Bottom of the 1st over - 0 runs, 0 hits, 0 errors, 1 left on base; Lynchburg 3 - Clearwater 0 |
TOP OF THE 2ND |
Lynchburg Hillcats batting - Pitching for Clearwater Threshers : RHP Marcos Tapia
|
Batting: RHB Nesty Pulido
|
0-0: Foul Ball, location: 2F 0-1: Swinging Strike 0-2: Strikes out swinging
|
Batting: RHB Malachi Shelton
|
0-0: Ball 1-0: Called Strike 1-1: Foul Ball, location: 2F 1-2: Strikes out looking
|
Batting: LHB Victor Amador
|
0-0: Ball 1-0: Called Strike 1-1: Swinging Strike 1-2: Fly out, F5 (Popup, 15, EV 80.6 MPH)
|
Top of the 2nd over - 0 runs, 0 hits, 0 errors, 0 left on base; Lynchburg 3 - Clearwater 0 |
BOTTOM OF THE 2ND |
Clearwater Threshers batting - Pitching for Lynchburg Hillcats : RHP Jose Esteban
|
Batting: RHB Alberto Ramirez
|
0-0: Ball 1-0: Ball 2-0: Foul Ball, location: 2F 2-1: Ground out 4-3 (Groundball, 4, EV 109.4 MPH)
|
Batting: RHB Zach Downs
|
0-0: Foul Ball, location: 2F 0-1: Ball 1-1: Reached on error, E6 (Groundball, 6, EV 90.0 MPH)
|
Batting: RHB Frank Ramirez
|
0-0: Fly out, F7 (Flyball, 7S, EV 73.8 MPH)
|
Batting: RHB Juan Valadez
|
0-0: Ball 1-0: Foul Ball, location: 2F 1-1: Swinging Strike 1-2: SINGLE (Line Drive, 9S, EV 105.6 MPH) Zach Downs to third Runner from 3rd tries for Home, SAFE, throw by RF to home
|
Batting: RHB Eddie Serna
|
0-0: Ball Juan Valadez steals 2nd base 1-0: SINGLE (Groundball, 6MD, EV 100.6 MPH) Juan Valadez to third Runner from 3rd tries for Home, SAFE, throw by CF to home
|
Batting: RHB Mitch Boyd
|
0-0: Called Strike Eddie Serna steals 2nd base 0-1: Ball 1-1: Swinging Strike 1-2: Foul Ball, location: 2F 1-2: Foul Ball, location: 2F 1-2: Ball 2-2: SINGLE (Flyball, 6MD, EV 94.4 MPH) Eddie Serna to third
|
Batting: RHB Chris Myers
|
0-0: Called Strike 0-1: Ball 1-1: Ball 2-1: SINGLE (Groundball, 34S, EV 85.0 MPH) (infield hit) Eddie Serna scores Mitch Boyd to second
|
Batting: SHB Benjamin Brown
|
0-0: Ball 1-0: Ball 2-0: Foul Ball, location: 2F 2-1: Ball 3-1: SINGLE (Groundball, 25, EV 64.4 MPH) (infield hit) Mitch Boyd to third Chris Myers to second
|
Batting: SHB Steve DeRienzo
|
0-0: Ball 1-0: Fly out, F7 (Flyball, 78M, EV 80.0 MPH)
|
Bottom of the 2nd over - 3 runs, 5 hits, 1 error, 3 left on base; Lynchburg 3 - Clearwater 3 |
TOP OF THE 3RD |
Lynchburg Hillcats batting - Pitching for Clearwater Threshers : RHP Marcos Tapia
|
Batting: LHB Devon Grant
|
0-0: Ball 1-0: Bunt for hit to 13S - play at first, batter OUT! 1-3
|
Batting: RHB Andy Lewis
|
0-0: Ball 1-0: Fly out, F9 (Flyball, 9D, EV 103.8 MPH)
|
Batting: LHB John Harring
|
0-0: Ball 1-0: Swinging Strike 1-1: Called Strike 1-2: Ball 2-2: Strikes out swinging
|
Top of the 3rd over - 0 runs, 0 hits, 0 errors, 0 left on base; Lynchburg 3 - Clearwater 3 |
BOTTOM OF THE 3RD |
Clearwater Threshers batting - Pitching for Lynchburg Hillcats : RHP Jose Esteban
|
Batting: RHB Alberto Ramirez
|
0-0: Ball 1-0: SINGLE (Groundball, 25, EV 69.4 MPH) (infield hit)
|
Batting: RHB Zach Downs
|
0-0: Called Strike 0-1: SINGLE (Line Drive, 7LS, EV 103.1 MPH) Alberto Ramirez to second
|
Batting: RHB Frank Ramirez
|
0-0: Fielders Choice at 2nd, 5-4 (Groundball, 56, EV 75.6 MPH) Alberto Ramirez to third
|
Batting: RHB Juan Valadez
|
0-0: Ball Frank Ramirez steals 2nd base 1-0: Ball Passed Ball! Alberto Ramirez scores Frank Ramirez to third 2-0: Called Strike 2-1: Foul Ball, location: 2F 2-2: Ball 3-2: Reached on error, E4 (Groundball, 4, EV 85.6 MPH) Frank Ramirez scores
|
Batting: RHB Eddie Serna
|
0-0: Called Strike 0-1: Ball 1-1: Ball 2-1: DOUBLE (Line Drive, 9LM, EV 111.2 MPH) Juan Valadez to third
|
Batting: RHB Mitch Boyd
|
0-0: Foul Ball, location: 2F 0-1: Swinging Strike 0-2: Ball Passed Ball! Juan Valadez scores Eddie Serna to third 1-2: Ball 2-2: Foul Ball, location: 2F 2-2: Fly out, F6 (Popup, 56D, EV 36.9 MPH)
|
Batting: RHB Chris Myers
|
0-0: Ball 1-0: Ball 2-0: Called Strike 2-1: Foul Ball, location: 2F 2-2: Ground out 5-3 (Groundball, 5S, EV 86.9 MPH)
|
Bottom of the 3rd over - 3 runs, 3 hits, 1 error, 1 left on base; Lynchburg 3 - Clearwater 6 |
TOP OF THE 4TH |
Lynchburg Hillcats batting - Pitching for Clearwater Threshers : RHP Marcos Tapia
|
Batting: LHB Aaron Manees
|
0-0: Called Strike 0-1: Reached on error, E5 (Groundball, 5, EV 92.5 MPH)
|
Batting: LHB Roberto Liza
|
0-0: Swinging Strike 0-1: Ball 1-1: Foul Ball, location: 2F 1-2: SINGLE (Groundball, 34D, EV 96.9 MPH) Aaron Manees to second Runner from 2nd tries for 3rd, SAFE, throw by RF made to third
|
Batting: RHB Nate Souza
|
0-0: Ball 1-0: Called Strike 1-1: Foul Ball, location: 2F 1-2: Ball 2-2: Strikes out swinging
|
Batting: RHB Nesty Pulido
|
0-0: Swinging Strike 0-1: Ball 1-1: Grounds into double play, 4-6-3 (Groundball, 4MS, EV 77.5 MPH)
|
Top of the 4th over - 0 runs, 1 hit, 1 error, 1 left on base; Lynchburg 3 - Clearwater 6 |
BOTTOM OF THE 4TH |
Clearwater Threshers batting - Pitching for Lynchburg Hillcats : RHP Jose Esteban
|
Batting: SHB Benjamin Brown
|
0-0: Ball 1-0: Foul Ball, location: 2F 1-1: Ball 2-1: Ball 3-1: Foul Ball, location: 2F 3-2: Fly out, F8 (Flyball, 89M, EV 82.5 MPH)
|
Pitching: RHP Gilbert Paparelli
|
|
Batting: SHB Steve DeRienzo
|
0-0: Ground out 3-1 (Groundball, 34, EV 110.0 MPH)
|
Batting: RHB Alberto Ramirez
|
0-0: Called Strike 0-1: SOLO HOME RUN (Flyball, 89XD, EV 95.6 MPH), Distance : 378 ft
|
Batting: RHB Zach Downs
|
0-0: Swinging Strike 0-1: Ball 1-1: Foul Ball, location: 2F 1-2: Ground out U3 (Groundball, 34, EV 90.0 MPH)
|
Bottom of the 4th over - 1 run, 1 hit, 0 errors, 0 left on base; Lynchburg 3 - Clearwater 7 |
TOP OF THE 5TH |
Lynchburg Hillcats batting - Pitching for Clearwater Threshers : RHP Marcos Tapia
|
Batting: RHB Malachi Shelton
|
0-0: Called Strike 0-1: Ball 1-1: Foul Ball, location: 2F 1-2: Strikes out looking
|
Batting: LHB Victor Amador
|
0-0: Called Strike 0-1: Foul Ball, location: 2F 0-2: Foul Ball, location: 2F 0-2: Ball 1-2: Ball 2-2: Strikes out swinging
|
Batting: LHB Devon Grant
|
0-0: Ball 1-0: Swinging Strike 1-1: Ball 2-1: Swinging Strike 2-2: Fly out, F7 (Line Drive, 78D, EV 90.6 MPH)
|
Top of the 5th over - 0 runs, 0 hits, 0 errors, 0 left on base; Lynchburg 3 - Clearwater 7 |
BOTTOM OF THE 5TH |
Clearwater Threshers batting - Pitching for Lynchburg Hillcats : RHP Gilbert Paparelli
|
Batting: RHB Frank Ramirez
|
0-0: Ball 1-0: Called Strike 1-1: Called Strike 1-2: Foul Ball, location: 2F 1-2: Foul Ball, location: 2F 1-2: Ball 2-2: Ball 3-2: TRIPLE (Flyball, 8RXD, EV 104.4 MPH)
|
Batting: RHB Juan Valadez
|
0-0: Ball 1-0: Foul Ball, location: 2F 1-1: Swinging Strike Passed Ball! Frank Ramirez scores 1-2: Ball 2-2: Foul Ball, location: 2F 2-2: Foul Ball, location: 2F 2-2: Foul Ball, location: 2F 2-2: Strikes out looking
|
Batting: RHB Eddie Serna
|
0-0: Ball 1-0: Called Strike 1-1: Ball 2-1: Fly out, F7 (Flyball, 7, EV 76.9 MPH)
|
Batting: RHB Mitch Boyd
|
0-0: Called Strike 0-1: Swinging Strike 0-2: Foul Ball, location: 2F 0-2: Ball 1-2: Strikes out swinging
|
Bottom of the 5th over - 1 run, 1 hit, 0 errors, 0 left on base; Lynchburg 3 - Clearwater 8 |
TOP OF THE 6TH |
Lynchburg Hillcats batting - Pitching for Clearwater Threshers : RHP Marcos Tapia
|
Batting: RHB Andy Lewis
|
0-0: Called Strike 0-1: Foul Ball, location: 2F 0-2: Strikes out swinging
|
Pitching: RHP Danny Zuniga
|
|
Batting: LHB John Harring
|
0-0: Ball 1-0: Ball 2-0: Called Strike 2-1: Foul Ball, location: 2F 2-2: Fly out, F8 (Flyball, 8LXD, EV 106.9 MPH)
|
Batting: LHB Aaron Manees
|
0-0: Ball 1-0: Fly out, F7 (Flyball, 7, EV 93.1 MPH)
|
Top of the 6th over - 0 runs, 0 hits, 0 errors, 0 left on base; Lynchburg 3 - Clearwater 8 |
BOTTOM OF THE 6TH |
Clearwater Threshers batting - Pitching for Lynchburg Hillcats : RHP Gilbert Paparelli
|
Batting: RHB Chris Myers
|
0-0: DOUBLE (Flyball, 8RD, EV 99.4 MPH)
|
Batting: SHB Benjamin Brown
|
0-0: Called Strike Chris Myers steals 3rd base 0-1: Ball Passed Ball! Chris Myers scores 1-1: Called Strike 1-2: Foul Ball, location: 2F 1-2: Ball 2-2: Fly out, F9 (Flyball, 9, EV 83.1 MPH)
|
Batting: SHB Steve DeRienzo
|
0-0: Ball 1-0: Foul Ball, location: 2F 1-1: Swinging Strike 1-2: Ball 2-2: Hit by Pitch
|
Pitching: RHP Mario del Rio
|
|
Batting: RHB Alberto Ramirez
|
0-0: Fly out, F7 (Line Drive, 78M, EV 105.6 MPH)
|
Batting: RHB Zach Downs
|
0-0: Called Strike 0-1: Ball 1-1: Fly out, F8 (Flyball, 8RD, EV 103.1 MPH)
|
Bottom of the 6th over - 1 run, 1 hit, 0 errors, 1 left on base; Lynchburg 3 - Clearwater 9 |
TOP OF THE 7TH |
Lynchburg Hillcats batting - Pitching for Clearwater Threshers : RHP Danny Zuniga
|
Batting: LHB Roberto Liza
|
0-0: Called Strike 0-1: Ball 1-1: Ball 2-1: Foul Ball, location: 2F 2-2: Foul Ball, location: 2F 2-2: Ball 3-2: Strikes out swinging
|
Batting: RHB Nate Souza
|
0-0: Called Strike 0-1: Ball 1-1: Foul Ball, location: 2F 1-2: Ball 2-2: Foul Ball, location: 2F 2-2: Ball 3-2: Strikes out swinging
|
Batting: RHB Nesty Pulido
|
0-0: Ball 1-0: Foul Ball, location: 2F 1-1: Ground out U3 (Groundball, 3L, EV 101.9 MPH)
|
Top of the 7th over - 0 runs, 0 hits, 0 errors, 0 left on base; Lynchburg 3 - Clearwater 9 |
BOTTOM OF THE 7TH |
Clearwater Threshers batting - Pitching for Lynchburg Hillcats : RHP Mario del Rio
|
Batting: RHB Frank Ramirez
|
0-0: Ball 1-0: Ball 2-0: Fly out, F9 (Flyball, 9D, EV 97.5 MPH)
|
Batting: RHB Juan Valadez
|
0-0: Foul Ball, location: 2F 0-1: Ball 1-1: Ball 2-1: Foul Ball, location: 2F 2-2: Foul Ball, location: 2F 2-2: Hit by Pitch
|
Batting: RHB Eddie Serna
|
0-0: Called Strike 0-1: Fly out, F9 (Flyball, 9S, EV 88.1 MPH)
|
Batting: RHB Mitch Boyd
|
0-0: Ball Passed Ball! Juan Valadez to second 1-0: Ball Passed Ball! Juan Valadez to third 2-0: Foul Ball, location: 2F 2-1: Swinging Strike 2-2: Strikes out swinging
|
Bottom of the 7th over - 0 runs, 0 hits, 0 errors, 1 left on base; Lynchburg 3 - Clearwater 9 |
TOP OF THE 8TH |
Lynchburg Hillcats batting - Pitching for Clearwater Threshers : RHP Danny Zuniga
|
Batting: RHB Malachi Shelton
|
0-0: Called Strike 0-1: Swinging Strike 0-2: Strikes out swinging
|
Batting: LHB Victor Amador
|
0-0: Ball 1-0: Called Strike 1-1: Foul Ball, location: 2F 1-2: Ball 2-2: Strikes out swinging
|
Batting: LHB Devon Grant
|
0-0: Called Strike 0-1: Ball 1-1: Called Strike 1-2: Strikes out looking
|
Top of the 8th over - 0 runs, 0 hits, 0 errors, 0 left on base; Lynchburg 3 - Clearwater 9 |
BOTTOM OF THE 8TH |
Clearwater Threshers batting - Pitching for Lynchburg Hillcats : RHP Mario del Rio
|
Batting: RHB Chris Myers
|
0-0: Called Strike 0-1: Ground out 4-3 (Groundball, 4, EV 83.1 MPH)
|
Batting: SHB Benjamin Brown
|
0-0: Ball 1-0: Ball 2-0: Ball 3-0: Base on Balls
|
Pitching: RHP Brent Demby
|
|
Batting: SHB Steve DeRienzo
|
0-0: Ball 1-0: Ball 2-0: Ball 3-0: Called Strike 3-1: Fielders Choice at 2nd, 4-6 (Groundball, 4, EV 88.8 MPH)
|
Batting: RHB Alberto Ramirez
|
0-0: Ball 1-0: Ball Passed Ball! Steve DeRienzo to second 2-0: Ball 3-0: Hit by Pitch
|
Batting: RHB Zach Downs
|
0-0: Fly out, F7 (Flyball, 7S, EV 88.8 MPH)
|
Bottom of the 8th over - 0 runs, 0 hits, 0 errors, 2 left on base; Lynchburg 3 - Clearwater 9 |
TOP OF THE 9TH |
Lynchburg Hillcats batting - Pitching for Clearwater Threshers : RHP Danny Zuniga
|
Pitching: RHP Alard Kraaijeveld
|
|
Batting: RHB Andy Lewis
|
0-0: Ball 1-0: Called Strike 1-1: Ball 2-1: Foul Ball, location: 2F 2-2: Strikes out looking
|
Batting: LHB John Harring
|
0-0: Ball 1-0: Called Strike 1-1: Ball 2-1: Called Strike 2-2: Strikes out swinging
|
Batting: LHB Aaron Manees
|
0-0: SINGLE (Line Drive, 4M, EV 98.8 MPH)
|
Batting: LHB Roberto Liza
|
0-0: Ball 1-0: Called Strike 1-1: Ball 2-1: Foul Ball, location: 2F 2-2: Strikes out swinging
|
Top of the 9th over - 0 runs, 1 hit, 0 errors, 1 left on base; Lynchburg 3 - Clearwater 9 |
|